Map: Dusk Towers

Players

VisherLord

  • Race: Terran Terran
  • League: Silver

Grumm - Winner!

  • Race: Zerg Zerg
  • League: Gold

VOD

Have the link to the VOD?

Description

Time

  • Played on: Jan. 30, 2016, 5:41 p.m.
  • Length: 18:56
Show
View Real Time Build Order
Export as new Build Order

VisherLord Terran 

Build Orders:  

Get SALT Encoding   

  12  0:01  SCV  
  13  0:13  SCV  
  14  0:18  Supply Depot  
  14  0:25  SCV  
  15  0:30  Refinery  
  15  0:40  SCV  
  16  0:48  Barracks  
  16  0:52  SCV  
  17  0:59  Refinery  
  17  1:04  SCV  
  18  1:16  SCV  
  19  1:28  SCV  
  20  1:37  Factory  
  20  1:49  Orbital Command  
  20  1:53  Barracks Reactor  
  20  1:55  Supply Depot  
  20  2:10  Barracks  
  20  2:16  SCV  
  20  2:22  Factory Tech Lab  
  20  2:33  Hellion  
  20  2:35  Marine  
  24  2:49  Supply Depot  
  21  2:51  Supply Depot  
  21  2:53  Marine  
  21  2:55  Hellion  
  13  3:13  Marine  
  11  3:31  Marine  
  12  3:56  Barracks Reactor  
  12  4:09  Barracks Reactor  
  12  4:11  SCV  
  13  4:23  SCV  
  14  4:24  Marine  
  14  4:30  Factory Tech Lab  
  15  4:41  SCV  
  16  4:51  Siege Tank  
  19  4:53  SCV  
  19  4:57  Barracks Tech Lab  
  20  5:05  SCV  
  21  5:10  Starport  
  21  5:20  Marauder, Marine  
  24  5:22  Marine  
  25  5:32  SCV  
  26  5:44  SCV  
  27  5:50  Starport Reactor  
  27  5:57  SCV  
  27  5:58  Marine x2  
  27  5:59  Marauder  
  32  6:14  Liberator  
  32  6:19  SCV  
  33  6:31  SCV  
  37  6:39  Medivac  
  39  6:43  SCV  
  40  6:55  SCV  
  40  6:58  Marine  
  40  6:59  Marine  
  40  7:00  Marauder  
  45  7:07  SCV  
  46  7:15  Supply Depot  
  46  7:21  Supply Depot  
  46  7:34  Marine  
  46  7:37  Medivac x2, Marine  
  47  7:39  Marauder  
  54  7:52  Marine  
  54  7:54  Marine  
  51  8:11  Liberator  
  50  8:17  Engineering Bay  
  53  8:35  Marine x3  
  56  9:01  Marine x2  
  56  9:02  Marauder  
  57  9:14  Missile Turret  
  57  9:20  Missile Turret  
  57  9:41  Marine x3  
  60  9:56  Missile Turret  
  28  11:17  Command Center  
  28  11:26  SCV  
  28  11:28  Missile Turret  
  28  11:29  Liberator  
  28  11:32  Missile Turret  
  29  11:34  Missile Turret x2  
  29  11:37  Liberator  
  29  11:38  Hi-Sec Auto Tracking, SCV  
  36  12:02  SCV  
  37  12:11  Liberator  
  37  12:14  SCV  
  38  12:26  SCV  
  38  12:27  Armory  
  42  12:31  Orbital Command  
  42  12:34  Liberator  
  42  12:38  SCV  
  43  12:49  Refinery  
  43  12:50  SCV  
  44  12:51  Refinery  
  45  13:19  Liberator, Missile Turret  
  45  13:22  Missile Turret  
  45  13:23  Building Armor  
  45  13:26  SCV x2  
  47  13:38  SCV  
  51  13:46  Sensor Tower  
  51  14:04  SCV x2  
  53  14:12  Liberator  
  53  14:13  Liberator  
  53  14:16  SCV x2  
  61  14:31  Marine  
  62  14:45  Marine  
  62  14:46  Marauder  
  62  14:47  Sensor Tower  
  52  15:51  Liberator x2  
  52  16:03  Siege Tank  
  55  16:05  Marine x2  
  55  16:06  Marauder  
  65  16:11  Command Center  
  65  16:35  Siege Tank  
  68  16:45  Marine x2  
  70  16:57  Marauder  
  60  17:02  Marine  
  60  17:03  Marine  
  61  17:18  Marine  
  61  17:20  Marine x2  
  57  17:38  Marine  
  55  17:44  Liberator  
  55  17:45  Liberator  
  51  18:28  Engineering Bay  
  51  18:30  Engineering Bay  
Show
View Real Time Build Order
Export as new Build Order

Grumm Zerg - Winner!

Build Orders: Pool First 

Get SALT Encoding   

  12  0:02  Drone  
  13  0:13  Drone  
  14  0:28  Spawning Pool  
  14  0:30  Drone  
  14  0:38  Overlord  
  14  0:55  Extractor  
  14  0:56  Drone x3  
  16  1:19  Hatchery  
  16  1:25  Zergling x4  
  17  1:35  Queen  
  19  1:51  Drone x2  
  21  2:02  Drone, Extractor  
  21  2:05  Metabolic Boost  
  21  2:10  Overlord  
  21  2:33  Drone x2  
  23  2:44  Drone x3  
  26  2:57  Hatchery  
  25  3:02  Drone x4  
  29  3:12  Lair  
  28  3:32  Spine Crawler x2  
  26  3:39  Queen  
  26  3:40  Zergling x2  
  26  3:41  Zergling x2  
  29  3:49  Overlord  
  29  3:51  Drone x2  
  31  4:11  Drone  
  31  4:12  Drone x6  
  38  4:21  Evolution Chamber  
  37  4:33  Queen  
  37  4:35  Drone x3  
  42  4:50  Zergling x10  
  47  5:22  Zergling x2  
  47  5:23  Zergling x4  
  48  5:33  Spore Crawler  
  47  5:36  Spire  
  47  5:39  Drone  
  47  5:40  Drone x3, Overlord  
  47  5:41  Overlord x2  
  50  5:43  Zerg Ground Armor Level 1  
  50  5:52  Burrow  
  50  5:53  Pneumatized Carapace  
  50  6:09  Drone x12  
  62  6:13  Extractor  
  62  6:15  Extractor  
  62  6:16  Extractor  
  59  6:18  Extractor  
  58  6:46  Overlord  
  58  6:47  Overlord x2  
  58  6:48  Mutalisk  
  58  6:49  Mutalisk x6  
  72  7:21  Mutalisk x3  
  78  7:24  Drone x8  
  86  7:44  Zerg Missile Weapons Level 1  
  86  8:28  Mutalisk  
  86  8:29  Mutalisk  
  86  8:30  Overlord  
  86  8:31  Overlord x2  
  90  8:34  Zerg Flyer Weapons Level 1  
  90  8:39  Hydralisk Den  
  89  8:45  Roach Warren  
  88  8:59  Zergling x4  
  88  9:00  Zergling x20  
  100  9:42  Overlord x7  
  100  9:44  Roach x6  
  112  9:47  Hatchery  
  112  9:49  Hatchery  
  110  10:17  Drone x5  
  113  10:42  Roach x9  
  134  10:43  Roach x5  
  133  11:08  Zerg Flyer Weapons Level 2  
  133  11:09  Glial Reconstitution  
  133  11:10  Muscular Augments  
  133  11:27  Hydralisk x12  
  133  11:28  Hydralisk x12  
  181  12:00  Overlord x3  
  181  12:16  Evolution Chamber  
  181  12:17  Evolution Chamber  
  179  12:34  Zerg Melee Weapons Level 1  
  179  12:38  Drone  
  179  12:39  Drone x4  
  184  12:45  Infestation Pit  
  184  12:50  Zerg Ground Armor Level 2, Zerg Missile Weapons Level 2  
  181  13:20  Roach  
  181  13:21  Roach x8  
  199  13:27  Zerg Flyer Armor Level 1  
  199  13:28  Hive  
  199  13:33  Lurker Den  
  199  14:45  Hydralisk  
  199  14:50  Roach x9  
  167  15:37  Swarm Host  
  167  15:38  Swarm Host x10  
  176  18:06  Drone  
  176  18:07  Drone x5  
  176  18:08  Zergling x32  
  176  18:09  Zergling x4  
Tags
 
Add a new tag
Caveats
  • Supply blocks, unpowered buildings, or Contaminate may cause inaccurate times.
  • Supply counts are checked every 10 seconds.